 Dungeon Crawl Stone Soup version 0.21.1-1-g345015f (webtiles) character file.

84 poirepourri the Chopper (level 4, -1/40 HPs)
             Began as a Minotaur Fighter on July 11, 2018.
             Killed by nerve-wracking pain
             ... invoked by an orc priest
              (2 damage)
             ... on level 2 of the Dungeon.
             The game lasted 00:02:00 (1723 turns).

poirepourri the Chopper (Minotaur Fighter)          Turns: 1723, Time: 00:02:02

Health: -1/40      AC:  6    Str: 20    XL:     4   Next: 23%
Magic:  3/3        EV:  7    Int:  5    God:
Gold:   53         SH: 13    Dex: 11    Spells: 3/3 levels left

rFire    . . .     SeeInvis .   a - +1 war axe
rCold    . . .     Gourm    .   c - +0 shield
rNeg     . . .     Faith    .   b - +0 scale mail
rPois    .         Spirit   .   (helmet restricted)
rElec    .         Reflect  +   (no cloak)
rCorr    .         Harm     .   (no gloves)
MR       .....                  (no boots)
Stlth    ..........             l - +4 amulet of reflection
HPRegen  0.13/turn              (no ring)
MPRegen  0.08/turn              (no ring)

@: no status effects
A: retaliatory headbutt, horns 2
a: no special abilities


You were on level 2 of the Dungeon.
You were not hungry.

You visited 1 branch of the dungeon, and saw 2 of its levels.

You collected 53 gold pieces.

Inventory:

Hand Weapons
 a - a +1 war axe (weapon)
Missiles
 h - 20 bolts
Armour
 b - a +0 scale mail (worn)
 c - a +0 shield (worn)
Jewellery
 l - a +4 amulet of reflection (around neck)
Scrolls
 i - a scroll of remove curse
 j - a scroll of immolation {unknown}
 k - a scroll of enchant armour {unknown}
Potions
 d - a potion of might
 e - a potion of lignification
Comestibles
 f - 2 rations


   Skills:
 + Level 4.0 Fighting
 - Level 5.2 Axes
 - Level 3.6 Armour
 - Level 3.6 Shields


You had 3 spell levels left.
You didn't know any spells.

Dungeon Overview and Level Annotations

Branches:
Dungeon (2/15)

Altars:
Okawaru
Qazlal

Annotations:
D:2 Robin


Innate Abilities, Weirdness & Mutations

You reflexively headbutt those who attack you in melee.
You have a pair of horns on your head.


Message History

The orc priest hits you but does no damage.
You hit the orc priest. Your headbutt misses the orc priest.
The orc priest is heavily wounded.
You block the orc priest's attack.
You barely miss the orc priest.
The orc priest is heavily wounded.
The orc priest barely misses you.
You barely miss the orc priest.
The orc priest is heavily wounded.
The orc priest calls down the wrath of Beogh upon you.
Beogh smites you!
* * * LOW HITPOINT WARNING * * *
The orc priest closely misses you. You furiously retaliate!
You headbutt the orc priest.
Okay, then.
You barely miss the orc priest.
The orc priest is almost dead.
The orc priest invokes the aid of Beogh against you.
Pain shoots through your body!
You die...

#.# ############### #.#.#
..............### #.#.#
##########......# #.#.# #......#
#.#.# #......## ### #.#.# #
#........ ..# ###.#.# #
####.....o#####.#####......
#.8_8.#.........@)...............
#..8..##.######.#####.#####.###.#
#≈≈.≈≈##.#..g.#.# #.# #.# #.#
#g≈.≈g##.#.##.#.# #.#####.# #.#
#≈≈.≈≈##.#.##l#. #.......# #.#
#.....##.#.##.#. ######### #.#
#.....##.#.##.#. #.#
....(.##.#l##<#. #.#
#.....##.#.#### #.#


You could see an orc priest.

Vanquished Creatures
  2 adders (D:2)
  2 worms (D:2)
  A dart slug (D:2)
  4 orcs (D:2)
  4 bats
  2 giant cockroaches (D:1)
  3 hobgoblins
  11 jackals
  4 kobolds
  4 frilled lizards
  10 goblins
  A rat (D:1)
48 creatures vanquished.

Notes
Turn   | Place    | Note
-------+----------+-------------------------------------------
     0 | D:1      | poirepourri the Minotaur Fighter began the quest for the Orb.
     0 | D:1      | Reached XP level 1. HP: 19/19 MP: 0/0
    66 | D:1      | Reached skill level 3 in Axes
   120 | D:1      | Reached XP level 2. HP: 26/26 MP: 1/1
   334 | D:1      | Reached skill level 4 in Axes
   924 | D:2      | Reached XP level 3. HP: 29/31 MP: 2/2
  1006 | D:2      | Found a stormy altar of Qazlal.
  1008 | D:2      | Noticed Robin
  1022 | D:2      | Reached skill level 5 in Axes
  1047 | D:2      | Found an iron altar of Okawaru.
  1575 | D:2      | Reached XP level 4. HP: 37/40 MP: 3/3
  1722 | D:2      | HP: 1/40 [orc priest/divine providence (10)]
  1723 | D:2      | Killed from afar by an orc priest

Skill      XL: |  1  2  3  4 |
---------------+-------------+-----
Axes           | 3 4 5 |  5.2
Fighting       | 4 |  4.0
Armour         | |  3.6
Shields        | |  3.6

Action                   |  1- 3 |  4- 6 || total
-------------------------+-------+-------++-------
Melee: War axe           |    89 |    24 ||   113
       Headbutt          |     6 |     6 ||    12
  Use: Scroll            |     5 |     1 ||     6
       Potion            |     1 |       ||     1
  Eat: Ration            |     1 |       ||     1
Armor: Scale mail        |    48 |     9 ||    57
Dodge: Dodged            |    35 |    11 ||    46
Block: Shield            |    66 |    12 ||    78
